 Dungeon Crawl Stone Soup version 0.23.2-1-ga50397a (webtiles) character file.

Game seed: 10238724316215154345

10008 Kairos the Grappler (level 11, -3/89 HPs)
             Began as a Ghoul Monk on Apr 24, 2019.
             Was a High Priest of Qazlal.
             Killed from afar by an efreet (5 damage)
             ... with a fireball
             ... in a volcano.
             The game lasted 00:18:22 (8893 turns).

Kairos the Grappler (Ghoul Monk)                    Turns: 8893, Time: 00:18:23

Health: -3/89      AC: 13    Str: 17 (19) XL:     11   Next: 55%
Magic:  3/10       EV: 13    Int: 10      God:    Qazlal [*****.]
Gold:   952        SH:  7    Dex: 10 (11) Spells: 10/10 levels left

rFire    + + .     SeeInvis .     - Unarmed
rCold    + . .     Gourm    .   (no shield)
rNeg     + + +     Faith    +   f - +3 ring mail
rPois    ∞         Spirit   .   (no helmet)
rElec    .         Reflect  .   J - +0 cloak
rCorr    .         Harm     .   (no gloves)
MR       .....                  w - +1 pair of boots
Stlth    +.........             G - amulet of faith
HPRegen  0.00/turn              A - ring of flight
MPRegen  0.12/turn              K - ring of protection from fire

@: brilliant, protected from fire, rotting, hasted, repel missiles, very quick
A: rotting body, claws 1, carnivore, cold resistance 1, negative energy
resistance 3, inhibited regeneration, torment resistance, unbreathing
a: Upheaval, Elemental Force, Disaster Area, Renounce Religion, Evoke Flight


You were in a volcano.
You worshipped Qazlal.
Qazlal was extremely pleased with you.
You were not hungry.

You visited 2 branches of the dungeon, and saw 11 of its levels.
You also visited: Volcano.

You collected 952 gold pieces.

Inventory:

Hand Weapons
 q - a +2 spear of freezing
 I - a +4 quarterstaff of chaos
 L - a +2 antimagic trident
 M - a +2 hand axe of flaming
 O - a +0 mace of protection
Missiles
 z - 5 javelins (quivered)
Armour
 a - a +0 robe
 f - a +3 ring mail (worn)
 n - a scarf of repulsion
 w - a +1 pair of boots (worn)
 D - a +0 ring mail of cold resistance
 J - a +0 cloak (worn)
Jewellery
 A - a ring of flight (left claw)
 G - an amulet of faith (around neck)
 K - a ring of protection from fire (right claw)
Wands
 x - a wand of iceblast (8)
 E - a wand of digging (4)
 F - a wand of random effects (7)
 H - a wand of paralysis (14)
Scrolls
 c - 9 scrolls of teleportation
 e - a scroll of enchant armour {unknown}
 g - a scroll of fog {unknown}
 h - 9 scrolls of remove curse
 j - 2 scrolls of enchant weapon {unknown}
 m - a scroll of magic mapping {unknown}
 s - a scroll of immolation {unknown}
 t - 11 scrolls of identify
 v - 2 scrolls of amnesia {unknown}
 y - 4 scrolls of random uselessness {unknown}
 N - a scroll of fear {unknown}
 Q - a scroll of noise {unknown}
Potions
 d - 9 potions of curing
 i - 2 potions of haste
 l - a potion of magic {unknown}
 o - 3 potions of resistance {unknown}
 p - 2 potions of degeneration {unknown}
 r - 5 potions of mutation
 u - 2 potions of flight {unknown}
 B - a potion of cancellation {unknown}
 C - a potion of brilliance
 R - a potion of invisibility {unknown}
Comestibles
 b - 23 rations
 P - a chunk of flesh


   Skills:
 + Level 6.1 Fighting
 * Level 0.8 Axes
 + Level 0.5 Throwing
 + Level 6.6 Armour
 + Level 7.2 Dodging
 - Level 4.2 Stealth
 * Level 14.3 Unarmed Combat
 + Level 0.2 Evocations


You had 10 spell levels left.
You didn't know any spells.
Your spell library contained the following spells:

 Spells                   Type           Power        Failure   Level  Hunger
 Sting                    Conj/Pois      #...         8%          1    ##.....
 Poisonous Vapours        Pois/Air       #.....       11%         2    ###....
 Sticks to Snakes         Tmut           #.......     11%         2    ###....
 Mephitic Cloud           Conj/Pois/Air  #.......     19%         3    ####...
 Olgreb's Toxic Radiance  Pois           #.......     47%         4    #####..
 Venom Bolt               Conj/Pois      #.........   78%         5    ######.
 Beastly Appendage        Tmut           Unusable     N/A         1    N/A
 Spider Form              Tmut/Pois      Unusable     N/A         3    N/A
 Ice Form                 Ice/Tmut       Unusable     N/A         4    N/A
 Blade Hands              Tmut           Unusable     N/A         5    N/A

Dungeon Overview and Level Annotations

Branches:
Dungeon (10/15)            Temple (0/1) D:5            Lair (1/6) D:10
    Orc: D:9-12

Altars:
Cheibriados
Dithmenos
Fedhas
Hepliaklqana
Makhleb
Qazlal
Ru
Sif Muna
Trog
Yredelemnul
The Shining One

Shops:
D:6 =


Innate Abilities, Weirdness & Mutations

Your body is rotting away.
You thrive on raw meat.
You are immune to poison.
You have sharp fingernails.
You are carnivorous and can eat meat at any time.
Your flesh is cold resistant. (rC+)
You are immune to negative energy. (rN+++)
You do not regenerate when monsters are visible.
You are immune to unholy pain and torment.
You can survive without breathing.


Message History

Your body decomposes!
You feel clumsy.
Your body decomposes!
You feel weakened.
Your body decomposes!
You feel weakened. You block the efreet's attack.
The molten gargoyle barely misses you. The efreet gestures at you.
The bolt of fire hits the molten gargoyle.
The molten gargoyle completely resists.
The bolt of fire misses you.
Unknown command.
Okay, then.
It was a potion of brilliance.
You feel clever all of a sudden.
The molten gargoyle hits you but does no damage.
The efreet barely misses you. You block the molten gargoyle's attack.
You feel yourself speed up. The molten gargoyle barely misses you.
The efreet gestures at you.
The fireball explodes!
The fireball engulfs you. You resist.
You die...

##...###.°.#
##§....#..≈..
#§≈....#☼§≈≈.
#§≈.∩..'≈≈≈≈≈
#§§§...#≈E≈≈≈
#≈≈≈...#≈°§○○
#≈≈≈°.○##°#≈#
#≈≈.∩R99#
#§§.☼R@#.9...
##§.°..#.....
##...## ...#
##.## .## ##
##


You could see 2 efreet, a fire elemental and 2 molten gargoyles.

Vanquished Creatures
  2 hydras (Lair:1)
  Pikel (D:7)
  2 spiny frogs (Lair:1)
  A gargoyle (D:10)
  2 komodo dragons
  A troll (D:9)
  A hippogriff (Lair:1)
  The ghost of Aske the Cutter, an amateur GrGl (D:3)
  A wyvern (D:3)
  9 yaks
  Eustachio (D:6)
  2 hungry ghosts
  Menkaure (D:7)
  A water moccasin (Lair:1)
  2 porcupines (Lair:1)
  4 orc warriors
  A sky beast (D:10)
  A black bear (D:8)
  5 ice beasts
  An ogre (D:5)
  A phantom (D:4)
  4 centaurs
  4 crocodiles
  A big kobold (D:10)
  3 bullfrogs
  A wyvern zombie (D:7)
  3 scorpions
  5 howler monkeys
  3 crimson imps
  A bullfrog zombie (D:7)
  2 orc priests
  8 hounds
  A jelly (D:10)
  Crazy Yiuf (D:7)
  A bullfrog skeleton (D:9)
  2 centaur skeletons
  2 iguanas
  7 worker ants
  12 orc wizards
  A hound skeleton (D:9)
  4 gnolls (D:8)
  A howler monkey skeleton (D:10)
  9 river rats (D:5)
  10 adders
  A shadow imp (D:9)
  An ooze (D:1)
  An adder zombie (D:10)
  3 adder skeletons
  A dart slug (D:1)
  4 worms
  10 leopard geckos
  25 orcs
  2 ball pythons (D:3)
  9 bats
  5 giant cockroaches
  13 goblins
  5 hobgoblins
  7 jackals
  11 quokkas
  4 frilled lizards
  15 kobolds
  2 quokka zombies (D:5)
  21 rats
267 creatures vanquished.

Vanquished Creatures (others)
  An orc wizard (D:8)
  An adder (D:10)
  5 plants (D:10)
7 creatures vanquished.

Grand Total: 274 creatures vanquished

Notes
Turn   | Place    | Note
-------+----------+-------------------------------------------
     0 | D:1      | Kairos the Ghoul Monk began the quest for the Orb.
     0 | D:1      | Reached XP level 1. HP: 19/19 MP: 0/0
   170 | D:1      | Reached XP level 2. HP: 2/26 MP: 1/1
   727 | D:1      | Reached XP level 3. HP: 22/33 MP: 2/2
  1308 | D:2      | Found a hazy altar of Hepliaklqana.
  1320 | D:2      | Reached skill level 4 in Unarmed Combat
  1362 | D:2      | Reached XP level 4. HP: 27/40 MP: 3/3
  1593 | D:2      | Found a blossoming altar of Fedhas.
  1904 | D:3      | Reached XP level 5. HP: 46/46 MP: 4/4
  1934 | D:3      | Reached skill level 1 in Armour
  2084 | D:3      | Found a snail-covered altar of Cheibriados.
  2132 | D:3      | Found a sacrificial altar of Ru.
  2132 | D:3      | Found a transporter.
  2137 | D:3      | Noticed a wyvern
  2177 | D:3      | Found a stormy altar of Qazlal.
  2179 | D:3      | Found a basalt altar of Yredelemnul.
  2211 | D:3      | Found a transporter.
  2286 | D:3      | Found a runed translucent gate.
  2286 | D:3      | Found a runed translucent gate.
  2288 | D:3      | Found a runed translucent gate.
  2290 | D:3      | Noticed Aske's ghost (amateur GrGl)
  2371 | D:3      | Killed Aske's ghost
  2371 | D:3      | Reached skill level 5 in Unarmed Combat
  2371 | D:3      | Reached XP level 6. HP: 7/52 MP: 5/5
  2721 | D:4      | Got a brightly glowing robe
  2732 | D:4      | Identified the cursed +0 robe "Issixos" {rF+ Int+2} (You
                  | found it on level 4 of the Dungeon)
  3147 | D:4      | Noticed a phantom
  3181 | D:4      | Killed a phantom
  3181 | D:4      | Reached skill level 6 in Unarmed Combat
  3181 | D:4      | Reached XP level 7. HP: 24/56 MP: 6/6
  3298 | D:4      | Found a glowing golden altar of the Shining One.
  3298 | D:4      | Found a faded altar of an unknown god.
  3303 | D:4      | Found a shadowy altar of Dithmenos.
  3305 | D:4      | Found a faded altar of an unknown god.
  3306 | D:4      | Found a burning altar of Makhleb.
  3318 | D:4      | Became a worshipper of Qazlal Stormbringer
  3318 | D:4      | Reached * piety under Qazlal
  3318 | D:4      | Reached ** piety under Qazlal
  3490 | D:3      | Killed a wyvern
  3670 | D:5      | Entered Level 5 of the Dungeon
  3704 | D:5      | Reached *** piety under Qazlal
  3729 | D:5      | Reached skill level 7 in Unarmed Combat
  3780 | D:5      | Reached XP level 8. HP: 43/66 MP: 7/7
  4270 | D:5      | Found a staircase to the Ecumenical Temple.
  4280 | D:5      | Reached **** piety under Qazlal
  4280 | D:5      | Reached skill level 8 in Unarmed Combat
  4852 | D:6      | Noticed Eustachio
  4869 | D:6      | Killed Eustachio
  5003 | D:6      | Found a bloodstained altar of Trog.
  5125 | D:6      | Found Ironu's Jewellery Boutique.
  5559 | D:7      | Noticed Menkaure
  5563 | D:7      | Killed Menkaure
  5563 | D:7      | Reached skill level 9 in Unarmed Combat
  5601 | D:7      | Reached XP level 9. HP: 57/71 MP: 8/8
  5816 | D:7      | Noticed Pikel
  5827 | D:7      | Paralysed by Pikel for 7 turns
  5836 | D:7      | Killed Pikel
  5836 | D:7      | Reached skill level 5 in Dodging
  5836 | D:7      | Reached skill level 10 in Unarmed Combat
  6293 | D:7      | Found a runed translucent door.
  6294 | D:7      | Noticed Crazy Yiuf
  6346 | D:7      | Killed Crazy Yiuf
  6420 | D:8      | Reached skill level 5 in Armour
  6636 | D:8      | Found a deep blue altar of Sif Muna.
  6755 | D:8      | Reached skill level 11 in Unarmed Combat
  6948 | D:8      | Reached skill level 5 in Fighting
  7158 | D:9      | Reached XP level 10. HP: 61/81 MP: 9/9
  7402 | D:9      | Reached ***** piety under Qazlal
  7757 | D:9      | Reached skill level 12 in Unarmed Combat
  7840 | D:10     | Entered Level 10 of the Dungeon
  7881 | D:10     | Noticed a gargoyle
  8116 | D:10     | Killed a gargoyle
  8264 | D:10     | Reached skill level 13 in Unarmed Combat
  8322 | D:10     | Found a staircase to the Lair.
  8425 | Lair:1   | Entered Level 1 of the Lair of Beasts
  8432 | Lair:1   | Reached XP level 11. HP: 77/89 MP: 10/10
  8480 | Lair:1   | Noticed a four-headed hydra
  8498 | Lair:1   | Killed a one-headed hydra
  8498 | Lair:1   | Reached skill level 14 in Unarmed Combat
  8766 | Lair:1   | Noticed a five-headed hydra
  8773 | Lair:1   | Killed a four-headed hydra
  8849 | Lair:1   | Found a dark tunnel.
  8876 | Volcano  | Entered a volcano
  8890 | Volcano  | HP: 2/89 [molten gargoyle/+0 mace (3)]
  8893 | Volcano  | Killed from afar by an efreet

Skill      XL: |  1  2  3  4  5  6  7  8  9 10 11 |
---------------+----------------------------------+-----
Dodging        | 3 4 5 6 7 |  7.2
Unarmed Combat | 4 5 6 7 9 11 13 14 | 14.3
Stealth        | 3 4 |  4.2
Armour         | 1 2 3 4 5 6 |  6.6
Fighting       | 4 5 6 |  6.1
Axes           | |  0.8
Throwing       | |  0.5
Evocations     | |  0.2

Action                   |  1- 3 |  4- 6 |  7- 9 | 10-12 || total
-------------------------+-------+-------+-------+-------++-------
Melee: Unarmed           |   105 |   230 |   424 |   233 ||   992
       Punch             |     1 |     5 |     8 |    18 ||    32
       Hand axe          |       |       |       |     8 ||     8
Throw: Javelin           |       |       |     3 |       ||     3
Invok: Disaster Area     |       |       |       |     1 ||     1
Evoke: Wand              |       |       |       |     2 ||     2
  Use: Scroll            |     3 |     1 |     1 |       ||     5
       Potion            |       |     1 |     1 |     4 ||     6
 Stab: Sleeping          |     3 |       |     1 |       ||     4
  Eat: Chunk             |     6 |    15 |    24 |    38 ||    83
Armor: Robe              |    11 |       |       |       ||    11
       Ring mail         |    11 |    85 |   128 |    61 ||   285
Dodge: Dodged            |    59 |   130 |   197 |   151 ||   537
       Deflected         |       |     1 |     9 |    13 ||    23
Block: Other             |       |       |    76 |    81 ||   157
